PL
BOSTON PATRIOTS @ NORTHERN VIRGINIA RAINBOW MERMAIDS
05/01/2034
 
TOP OF THE 1ST
Boston Patriots batting - Pitching for Northern Virginia Rainbow Mermaids : LHP Addie Samson
Pitching: LHP Addie Samson
Batting: RHB Roland Deschain 0-0: Ground out 5-3 (Groundball, 56S)
Batting: RHB Kantaro Taniguchi 0-0: Called Strike
0-1: Foul Ball, location: 2F
0-2: Strikes out swinging
Batting: RHB Francisco Agámez 0-0: Ball
1-0: Foul Ball, location: 2F
1-1: Swinging Strike
1-2: Foul Ball, location: 2F
1-2: Ball
2-2: Ground out 4-3 (Groundball, 4)
Top of the 1st over - 0 runs, 0 hits, 0 errors, 0 left on base; Boston 0 - Northern Virginia 0
BOTTOM OF THE 1ST
Northern Virginia Rainbow Mermaids batting - Pitching for Boston Patriots : RHP Jaganmani Vivek
Pitching: RHP Jaganmani Vivek
Batting: RHB Juan Jose Ayala 0-0: Ground out 4-3 (Groundball, 4S)
Batting: LHB Scott Kerin 0-0: Called Strike
0-1: Ball
1-1: Ball
2-1: Ball
3-1: Ground out 6-3 (Groundball, 6)
Batting: SHB Eustacio Tafalla 0-0: Ball
1-0: Foul Ball, location: 2F
1-1: Called Strike
1-2: Ball
2-2: Fly out, F7 (Flyball, 7LM)
Bottom of the 1st over - 0 runs, 0 hits, 0 errors, 0 left on base; Boston 0 - Northern Virginia 0
TOP OF THE 2ND
Boston Patriots batting - Pitching for Northern Virginia Rainbow Mermaids : LHP Addie Samson
Batting: SHB Jorge Velázquez 0-0: Called Strike
0-1: Foul Ball, location: 2F
0-2: Ball
1-2: Ball
2-2: Strikes out swinging
Batting: LHB Stanley Belote 0-0: Called Strike
0-1: Ball
1-1: Ball
2-1: Foul Ball, location: 2F
2-2: Foul Ball, location: 2F
2-2: Strikes out swinging
Batting: LHB Manuel Carmona 0-0: Ground out U3 (Groundball, 3)
Top of the 2nd over - 0 runs, 0 hits, 0 errors, 0 left on base; Boston 0 - Northern Virginia 0
BOTTOM OF THE 2ND
Northern Virginia Rainbow Mermaids batting - Pitching for Boston Patriots : RHP Jaganmani Vivek
Batting: SHB Melito Báez 0-0: Called Strike
0-1: Ball
1-1: Ball
2-1: Foul Ball, location: 2F
2-2: Ball
3-2: Strikes out swinging
Batting: RHB Zahid Kashani 0-0: Foul Ball, location: 2F
0-1: Foul Ball, location: 2F
0-2: SINGLE (Line Drive, 8LS)
Batting: LHB José Ruíz 0-0: Ball
1-0: Called Strike
1-1: Ball
2-1: Ball
3-1: Fly out, F8 (Flyball, 8LM)
Batting: SHB Galtero Suárez 0-0: Ball
Zahid Kashani steals 2nd base
1-0: Called Strike
1-1: Ball
2-1: Foul Ball, location: 2F
2-2: Foul Ball, location: 2F
2-2: Ball
3-2: SINGLE (Popup, 6MD)
Zahid Kashani to third
Zahid Kashani scores
Batting: SHB Takashi Noda 0-0: Ball
1-0: Called Strike
1-1: Foul Ball, location: 2F
1-2: Ball
2-2: Foul Ball, location: 2F
2-2: Foul Ball, location: 2F
2-2: Fly out, F7 (Flyball, 78D)
Bottom of the 2nd over - 1 run, 2 hits, 0 errors, 1 left on base; Boston 0 - Northern Virginia 1
TOP OF THE 3RD
Boston Patriots batting - Pitching for Northern Virginia Rainbow Mermaids : LHP Addie Samson
Batting: RHB Stanley van de Ven 0-0: Ball
1-0: Called Strike
1-1: Ball
2-1: Swinging Strike
2-2: Strikes out looking
Batting: RHB Bartolo Morales 0-0: Ball
1-0: Foul Ball, location: 2F
1-1: Ball
2-1: Ball
3-1: Foul Ball, location: 2F
3-2: Ground out 6-3 (Groundball, 6M)
Batting: RHB Fortunato Rasquinha 0-0: Ball
1-0: Called Strike
1-1: Foul Ball, location: 2F
1-2: Foul Ball, location: 2F
1-2: Fly out, F7 (Flyball, 7S)
Top of the 3rd over - 0 runs, 0 hits, 0 errors, 0 left on base; Boston 0 - Northern Virginia 1
BOTTOM OF THE 3RD
Northern Virginia Rainbow Mermaids batting - Pitching for Boston Patriots : RHP Jaganmani Vivek
Batting: RHB Ray Walker 0-0: Called Strike
0-1: Foul Ball, location: 2F
0-2: Foul Ball, location: 2F
0-2: Foul Ball, location: 2F
0-2: Ball
1-2: Strikes out swinging
Batting: RHB Juan Jose Ayala 0-0: Called Strike
0-1: Foul Ball, location: 2F
0-2: Ball
1-2: Fly out, F9 (Line Drive, 89M)
Batting: LHB Scott Kerin 0-0: Ball
1-0: Ball
2-0: Ball
3-0: Called Strike
3-1: Base on Balls
Batting: SHB Eustacio Tafalla 0-0: Ball
1-0: SINGLE (Line Drive, 4)
Scott Kerin to second
Batting: SHB Melito Báez 0-0: Ball
1-0: Foul Ball, location: 2F
1-1: Called Strike
1-2: Foul Ball, location: 2F
1-2: Foul Ball, location: 2F
1-2: Ball
2-2: Ball
3-2: Base on Balls
Scott Kerin to third
Eustacio Tafalla to second
Batting: RHB Zahid Kashani 0-0: Ball
1-0: Called Strike
1-1: Fly out, F7 (Flyball, 7S)
Bottom of the 3rd over - 0 runs, 1 hit, 0 errors, 3 left on base; Boston 0 - Northern Virginia 1
TOP OF THE 4TH
Boston Patriots batting - Pitching for Northern Virginia Rainbow Mermaids : LHP Addie Samson
Batting: RHB Roland Deschain 0-0: Called Strike
0-1: Ground out 6-3 (Groundball, 6)
Batting: RHB Kantaro Taniguchi 0-0: Ground out 5-3 (Groundball, 2L)
Batting: RHB Francisco Agámez 0-0: Called Strike
0-1: SINGLE (Line Drive, 7S)
Batting: SHB Jorge Velázquez 0-0: Ball
1-0: Foul Ball, location: 2F
1-1: SINGLE (Groundball, 6MD)
Francisco Agámez to second
Runner from 2nd tries for 3rd, OUT!
Top of the 4th over - 0 runs, 2 hits, 0 errors, 1 left on base; Boston 0 - Northern Virginia 1
BOTTOM OF THE 4TH
Northern Virginia Rainbow Mermaids batting - Pitching for Boston Patriots : RHP Jaganmani Vivek
Batting: LHB José Ruíz 0-0: Ball
1-0: Foul Ball, location: 2F
1-1: Ball
2-1: Ground out U3 (Groundball, 3L)
Batting: SHB Galtero Suárez 0-0: Ground out U3 (Groundball, 3)
Batting: SHB Takashi Noda 0-0: Fly out, F8 (Flyball, 8LXD)
Bottom of the 4th over - 0 runs, 0 hits, 0 errors, 0 left on base; Boston 0 - Northern Virginia 1
TOP OF THE 5TH
Boston Patriots batting - Pitching for Northern Virginia Rainbow Mermaids : LHP Addie Samson
Batting: LHB Stanley Belote 0-0: Called Strike
0-1: Ball
1-1: Foul Ball, location: 2F
1-2: Ball
2-2: Ball
3-2: Strikes out swinging
Batting: LHB Manuel Carmona 0-0: Ball
1-0: DOUBLE (Line Drive, 9LM)
Batting: RHB Stanley van de Ven 0-0: Foul Ball, location: 2F
0-1: Foul Ball, location: 2F
0-2: Ball
1-2: SINGLE (Groundball, 5D)
Manuel Carmona to third
Runner from 3rd tries for Home, SAFE, no throw
Batting: RHB Bartolo Morales 0-0: Swinging Strike
0-1: Called Strike
0-2: Foul Ball, location: 2F
0-2: Ball
1-2: Ball
2-2: Foul Ball, location: 2F
2-2: Ball
3-2: Fielders Choice at 2nd, 4-6 (Groundball, 4)
Batting: RHB Fortunato Rasquinha 0-0: Ground out 4-3 (Groundball, 34D)
Top of the 5th over - 1 run, 2 hits, 0 errors, 1 left on base; Boston 1 - Northern Virginia 1
BOTTOM OF THE 5TH
Northern Virginia Rainbow Mermaids batting - Pitching for Boston Patriots : RHP Jaganmani Vivek
Batting: RHB Ray Walker 0-0: Fly out, F9 (Flyball, 9D)
Batting: RHB Juan Jose Ayala 0-0: Ground out 4-3 (Groundball, 4S)
Batting: LHB Scott Kerin 0-0: Ball
1-0: Foul Ball, location: 2F
1-1: Ball
2-1: Foul Ball, location: 2F
2-2: Ground out 3-1 (Groundball, 34)
Bottom of the 5th over - 0 runs, 0 hits, 0 errors, 0 left on base; Boston 1 - Northern Virginia 1
TOP OF THE 6TH
Boston Patriots batting - Pitching for Northern Virginia Rainbow Mermaids : LHP Addie Samson
Batting: RHB Roland Deschain 0-0: Foul Ball, location: 2F
0-1: Ball
1-1: Fly out, F8 (Flyball, 89D)
Batting: RHB Kantaro Taniguchi 0-0: SINGLE (Groundball, 34D)
Batting: RHB Francisco Agámez 0-0: Grounds into double play, 6-4-3 (Groundball, 6M)
Top of the 6th over - 0 runs, 1 hit, 0 errors, 0 left on base; Boston 1 - Northern Virginia 1
BOTTOM OF THE 6TH
Northern Virginia Rainbow Mermaids batting - Pitching for Boston Patriots : RHP Jaganmani Vivek
Batting: SHB Eustacio Tafalla 0-0: Called Strike
0-1: Foul Ball, location: 2F
0-2: Fly out, F8 (Line Drive, 78D)
Batting: SHB Melito Báez 0-0: Foul Ball, location: 2F
0-1: Fly out, F9 (Line Drive, 9S)
Batting: RHB Zahid Kashani 0-0: Foul Ball, location: 2F
0-1: Called Strike
0-2: Ball
1-2: Ground out 6-3 (Groundball, 6M)
Bottom of the 6th over - 0 runs, 0 hits, 0 errors, 0 left on base; Boston 1 - Northern Virginia 1
TOP OF THE 7TH
Boston Patriots batting - Pitching for Northern Virginia Rainbow Mermaids : LHP Addie Samson
Batting: SHB Jorge Velázquez 0-0: Ball
1-0: Foul Ball, location: 2F
1-1: SINGLE (Flyball, 89S)
Batting: LHB Stanley Belote 0-0: Ball
1-0: Called Strike
1-1: Foul Ball, location: 2F
1-2: Ball
2-2: Ball
3-2: SINGLE (Groundball, 34D)
Jorge Velázquez to second
Runner from 2nd tries for 3rd, SAFE, no throw
Batting: LHB Manuel Carmona 0-0: Ball
Stanley Belote steals 2nd base
1-0: Foul Ball, location: 2F
1-1: Ground out 6-3 (Groundball, 6MS)
Batting: RHB Stanley van de Ven 0-0: Ball
1-0: Ball
2-0: Called Strike
2-1: Swinging Strike
2-2: Ground out 5-3 (Groundball, 56S)
Batting: RHB Bartolo Morales 0-0: Called Strike
0-1: Swinging Strike
0-2: SINGLE (Groundball, 56D)
Jorge Velázquez scores
Stanley Belote to third
Runner from 3rd tries for Home, SAFE, no throw
Batting: RHB Fortunato Rasquinha 0-0: Called Strike
0-1: Called Strike
0-2: Ball
1-2: Foul Ball, location: 2F
1-2: Ball
2-2: Strikes out swinging
Top of the 7th over - 2 runs, 3 hits, 0 errors, 1 left on base; Boston 3 - Northern Virginia 1
BOTTOM OF THE 7TH
Northern Virginia Rainbow Mermaids batting - Pitching for Boston Patriots : RHP Jaganmani Vivek
Pitching: LHP Piotr Oja
Batting: LHB José Ruíz 0-0: Ball
1-0: Called Strike
1-1: Foul Ball, location: 2F
1-2: SINGLE (Groundball, 4S) (infield hit)
Batting: SHB Galtero Suárez 0-0: Ball
1-0: Called Strike
1-1: Ball
2-1: Ball
3-1: Swinging Strike
3-2: Foul Ball, location: 2F
3-2: Foul Ball, location: 2F
3-2: Base on Balls
José Ruíz to second
Batting: SHB Takashi Noda 0-0: Swinging Strike
0-1: Ball
1-1: Ground out 5-3 (Groundball, 5S)
José Ruíz to third
Galtero Suárez to second
Batting: RHB Ray Walker 0-0: Called Strike
0-1: Ground out 4-3 (Groundball, 4)
Batting: RHB Juan Jose Ayala 0-0: Ground out U3 (Groundball, 3L)
Bottom of the 7th over - 0 runs, 1 hit, 0 errors, 2 left on base; Boston 3 - Northern Virginia 1
TOP OF THE 8TH
Boston Patriots batting - Pitching for Northern Virginia Rainbow Mermaids : LHP Addie Samson
Batting: RHB Roland Deschain 0-0: Ball
1-0: Fly out, F3 (Popup, 34)
Pitching: RHP Guldemunde Geilinger
Batting: RHB Kantaro Taniguchi 0-0: Foul Ball, location: 2F
0-1: Ball
1-1: Ball
2-1: Ball
3-1: Called Strike
3-2: SINGLE (Line Drive, 6M)
Batting: RHB Francisco Agámez 0-0: Called Strike
0-1: Hit by Pitch
Kantaro Taniguchi to second
Pitching: RHP Folkert van Huizen
Batting: SHB Jorge Velázquez 0-0: Called Strike
0-1: Ball
1-1: Called Strike
1-2: Foul Ball, location: 2F
1-2: Ball
2-2: Strikes out swinging
Batting: LHB Stanley Belote 0-0: Ball
1-0: Ball
2-0: Called Strike
2-1: Foul Ball, location: 2F
2-2: Foul Ball, location: 2F
2-2: SINGLE (Groundball, 34D)
Kantaro Taniguchi to third
Francisco Agámez to second
Runner from 3rd tries for Home, SAFE, no throw
Batting: LHB Manuel Carmona 0-0: Called Strike
0-1: Foul Ball, location: 2F
0-2: Strikes out swinging
Top of the 8th over - 1 run, 2 hits, 0 errors, 2 left on base; Boston 4 - Northern Virginia 1
BOTTOM OF THE 8TH
Northern Virginia Rainbow Mermaids batting - Pitching for Boston Patriots : LHP Piotr Oja
Batting: LHB Scott Kerin 0-0: Ball
1-0: Swinging Strike
1-1: Swinging Strike
1-2: Strikes out looking
Batting: SHB Eustacio Tafalla 0-0: Ball
1-0: TRIPLE (Line Drive, 8RXD)
Batting: SHB Melito Báez 0-0: Ball
Balk!
Eustacio Tafalla scores
1-0: Called Strike
1-1: Foul Ball, location: 2F
1-2: Strikes out looking
Batting: RHB Zahid Kashani 0-0: SINGLE (Groundball, 56D)
Batting: LHB José Ruíz 0-0: SINGLE (Groundball, 3) (infield hit)
Zahid Kashani to second
Pitching: RHP Shu-de Cui
Batting: SHB Galtero Suárez 0-0: Ball
1-0: Foul Ball, location: 2F
1-1: Ball
2-1: Foul Ball, location: 2F
2-2: Ground out 4-3 (Groundball, 4)
Bottom of the 8th over - 1 run, 3 hits, 0 errors, 2 left on base; Boston 4 - Northern Virginia 2
TOP OF THE 9TH
Boston Patriots batting - Pitching for Northern Virginia Rainbow Mermaids : RHP Folkert van Huizen
Batting: RHB Stanley van de Ven 0-0: Swinging Strike
0-1: Swinging Strike
0-2: Strikes out swinging
Batting: RHB Bartolo Morales 0-0: Fly out, F8 (Line Drive, 8LM)
Batting: RHB Fortunato Rasquinha 0-0: Ball
1-0: Foul Ball, location: 2F
1-1: Called Strike
1-2: Ball
2-2: Ball
3-2: Foul Ball, location: 2F
3-2: SINGLE (Groundball, 6MD)
Batting: RHB Roland Deschain 0-0: SINGLE (Flyball, 8RS)
Fortunato Rasquinha to second
Runner from 2nd tries for 3rd, SAFE, no throw
Pinch Hitting: LHB Jorge Alejándrez 0-0: Swinging Strike
0-1: Ball
1-1: Ball
2-1: Foul Ball, location: 2F
2-2: SINGLE (Flyball, 89M)
Fortunato Rasquinha scores
Roland Deschain to second
Runner from 2nd tries for 3rd, SAFE, no throw
Batting: RHB Francisco Agámez 0-0: Called Strike
0-1: Fly out, F8 (Flyball, 8LD)
Top of the 9th over - 1 run, 3 hits, 0 errors, 2 left on base; Boston 5 - Northern Virginia 2
BOTTOM OF THE 9TH
Northern Virginia Rainbow Mermaids batting - Pitching for Boston Patriots : RHP Shu-de Cui
Now at 2B: Jorge Alejándrez
Batting: SHB Takashi Noda 0-0: Ball
1-0: Called Strike
1-1: Fly out, F4 (Popup, 4S)
Batting: RHB Ray Walker 0-0: Ball
1-0: Foul Ball, location: 2F
1-1: Ball
2-1: Ground out 5-3 (Groundball, 56)
Batting: RHB Juan Jose Ayala 0-0: Ball
1-0: Ground out 6-3 (Groundball, 6)
Bottom of the 9th over - 0 runs, 0 hits, 0 errors, 0 left on base; Boston 5 - Northern Virginia 2
Friday, March 29th, 2019 - OOTP Baseball 18.8 Build 76